 Dungeon Crawl Stone Soup version 0.27-a0-590-g94244163b4 (webtiles) character file.

Game seed: 2449405624468030230

15878 kae the Grappler (level 12, -4/127 HPs)
             Began as a Naga Transmuter on Mar 10, 2021.
             Was a High Priest of Cheibriados.
             Slain by a six-headed hydra (11 damage)
             ... on level 11 of the Dungeon.
             The game lasted 00:11:16 (12095 turns).

kae the Grappler (Naga Transmuter)                 Turns: 12095, Time: 00:11:17

Health: -4/127     AC:  8    Str: 34    XL:     12   Next: 31%
Magic:  15/21      EV: 14    Int: 25    God:    Cheibriados [*****.]
Gold:   511        SH:  0    Dex: 23    Spells: 11/24 levels left

rFire    x . .     SeeInvis +     - Unarmed
rCold    + + +     Faith    .   (shield currently unavailable)
rNeg     . . .     Spirit   .   (armour currently unavailable)
rPois    +         Reflect  .   (helmet currently unavailable)
rElec    .         Harm     .   (cloak currently unavailable)
rCorr    +         Rampage  .   (gloves currently unavailable)
Will     +....                  (no barding)
Stlth    ++........             l - amulet of regeneration
HPRegen  1.31/turn              i - +6 ring of strength
MPRegen  0.17/turn              y - ring of resist corrosion

@: ice-form, very slow
A: large, see invisible, spit poison 1, AC +4
a: Spit Poison, End Transformation, Renounce Religion, Bend Time, Temporal
Distortion, Slouch, Step From Time


You were on level 11 of the Dungeon.
You worshipped Cheibriados.
Cheibriados was extremely pleased with you.
You were a creature of crystalline ice.
You visited 2 branches of the dungeon, and saw 12 of its levels.

You collected 606 gold pieces.
You spent 95 gold pieces at shops.

Inventory:

Armour
 n - a +1 pair of gloves (melded)
 z - a +2 robe of resistance (melded)
Jewellery
 i - a +6 ring of strength (right front paw)
 l - an amulet of regeneration (around neck)
 p - a ring of flight
 y - a ring of resist corrosion (left front paw)
 C - a ring of willpower
 E - an amulet of the acrobat
Wands
 g - a wand of flame (3)
 m - a wand of paralysis (2)
 v - a wand of acid (11)
 D - a wand of iceblast (9)
Scrolls
 d - 3 scrolls of teleportation
 o - 3 scrolls of immolation
 s - 2 scrolls of amnesia
 w - a scroll of magic mapping
 x - a scroll of enchant weapon
 B - a scroll of enchant armour
 F - a scroll of identify
Potions
 a - 2 potions of mutation {unknown}
 b - a potion of berserk rage
 c - 2 potions of might
 e - a potion of cancellation
 f - 3 potions of brilliance
 h - 4 potions of lignification
 j - a potion of heal wounds
 k - 2 potions of attraction
 q - 2 potions of haste
 r - 4 potions of flight
 t - 6 potions of curing
 u - a potion of degeneration {unknown}
 A - a potion of ambrosia {unknown}


   Skills:
 + Level 6.9 Fighting
 + Level 6.0 Dodging
 * Level 10.2 Unarmed Combat
 + Level 6.6 Spellcasting
 * Level 10.0 Transmutations
 - Level 4.0 Ice Magic
 - Level 3.0 Poison Magic
 * Level 6.7 Invocations


You had 11 spell levels left.
You knew the following spells:

 Your Spells              Type           Power      Damage    Failure   Level
a - Beastly Appendage     Tmut           100%       N/A       1%          1
b - Spider Form           Tmut/Pois      20%        N/A       1%          3
c - Ice Form              Ice/Tmut       43%        N/A       3%          4
d - Blade Hands           Tmut           27%        N/A       3%          5

Your spell library contained the following spells:

 Spells                   Type           Power      Damage    Failure   Level
 Freeze                   Ice            100%       1d11      1%          1
 Wereblood                Tmut           55%        N/A       1%          2
 Frozen Ramparts          Ice            56%        1d7       4%          3
 Ozocubu's Armour         Ice            28%        N/A       4%          3
 Hailstorm                Conj/Ice       18%        3d6       30%         4
 Summon Ice Beast         Ice/Summ       18%        N/A       30%         4


Dungeon Overview and Level Annotations

Branches:
Dungeon (11/15)            Temple (1/1) D:6            Lair (0/6) D:8
    Orc (0/2) D:9

Altars:
Ashenzari
Cheibriados
Dithmenos
Elyvilon
Fedhas
Gozag
Hepliaklqana
Kikubaaqudgha
Makhleb
Nemelex Xobeh
Okawaru
Qazlal
Ru
Sif Muna
Trog
Uskayaw
Vehumet
Wu Jian
Xom
Yredelemnul
Zin
The Shining One

Shops:
D:4 ?   D:7 ?   D:10 =

Annotations:
D:6 1 runed translucent door, t4s4d4r's ghost, novice DgFi


Innate Abilities, Weirdness & Mutations

((Your serpentine skin is tough. (AC +4)))
You have supernaturally acute eyesight. (SInv)
((Armour fits poorly on your strangely shaped body.))
((Your system is resistant to poisons. (rPois)))
((You cover ground very slowly.))
You can spit poison.
((You have a snake-like lower body.))


Message History

Confirm with . or Enter, or press ? or * to list all spells.
Your hands revert to their normal proportions.
Your +1 pair of gloves unmelds from your body.
You turn into a creature of crystalline ice.
Your +1 pair of gloves melds into your body.
Your +2 robe of resistance melds into your body.
You feel hot and cold all over. The six-headed hydra misses you.
The six-headed hydra barely misses you. The six-headed hydra bites you!
The six-headed hydra misses you. The six-headed hydra bites you! x2
The hound zombie misses you. The six-headed hydra bites you.
The six-headed hydra bites you!
The six-headed hydra closely misses you.
The six-headed hydra bites you! x2
* * * LOW HITPOINT WARNING * * *
The six-headed hydra bites you!
* * * LOW HITPOINT WARNING * * *
The necrophage barely misses you.
Okay, then.
You feel much better. The hound zombie bites you.
* * * LOW HITPOINT WARNING * * *
The necrophage completely misses you. The six-headed hydra bites you.
* * * LOW HITPOINT WARNING * * *
The six-headed hydra bites you but does no damage.
The six-headed hydra bites you!
* * * LOW HITPOINT WARNING * * *
The six-headed hydra bites you.
* * * LOW HITPOINT WARNING * * *
The six-headed hydra bites you but does no damage.
The six-headed hydra misses you.
You feel much better. The hound zombie misses you.
The six-headed hydra completely misses you.
The six-headed hydra bites you!
* * * LOW HITPOINT WARNING * * *
The six-headed hydra bites you.
* * * LOW HITPOINT WARNING * * *
The six-headed hydra bites you but does no damage.
The six-headed hydra bites you!
* * * LOW HITPOINT WARNING * * *
The six-headed hydra bites you!
You die...

###... ##.... .. #..... .# ....
..## #### # #... ....... #..###
##..##........#...'. ...
.#.ZD..........#...#. ...
..#..Yn........##..##. . ##'###
..##..##.......##..### ..
#....###'##.)##...##..##...#
..##.........#..##...##..##...#
...'.........#...........##..###
.. #.........#...........####...
... #....##(..#.................#
...##....##)†.#...............).#
.........##))####P....##^.##..###


You could see a six-headed hydra, a necrophage and a hound zombie.

Vanquished Creatures
  Josephine (D:11)
  Erolcha (D:10)
  4 two-headed ogres
  Erica (D:9)
  A cyclops (D:11)
  A manticore (D:11)
  Maurice (D:9)
  A centaur skeleton (D:10)
  A gargoyle (D:9)
  3 trolls
  2 wyverns (D:9)
  3 yaks (D:11)
  Grum (D:10)
  4 wraiths (D:11)
  3 water moccasins
  Duvessa (D:6)
  5 ice beasts
  4 orc warriors
  5 sky beasts
  5 necrophages (D:11)
  5 wolves
  3 ogres
  5 centaurs
  7 kobold brigands
  6 bullfrogs
  Dowan (D:5)
  A gnoll sergeant (D:11)
  A water moccasin skeleton (D:4)
  4 scorpions
  8 killer bees (D:9)
  12 wights
  2 howler monkeys
  2 electric eels
  6 bullfrog zombies
  9 hounds
  2 centaur zombies
  4 orc priests
  A jelly (D:5)
  A quasit (D:10)
  A gnoll shaman (D:6)
  Crazy Yiuf (D:5)
  Jessica (D:3)
  2 bullfrog skeletons
  Terence (D:3)
  5 iguanas
  6 worker ants
  10 orc wizards
  A killer bee zombie (D:8)
  A hound zombie (D:9)
  3 hound skeletons
  A howler monkey zombie (D:11)
  3 worker ant zombies
  6 adders
  21 gnolls
  A shadow imp (D:7)
  5 white imps
  3 ufetubi
  An ooze (D:7)
  An adder skeleton (D:6)
  A worm (D:1)
  4 leopard geckos
  34 orcs
  4 giant cockroaches
  6 jackals
  5 quokkas
  A ball python (D:3)
  6 bats
  5 frilled lizards
  5 goblins
  A jackal skeleton (D:4)
  25 kobolds
  A quokka zombie (D:8)
  6 rats
306 creatures vanquished.

Vanquished Creatures (others)
  An ogre (D:7)
  A hound (D:8)
  An ufetubus (D:7)
  2 orcs
  A quokka (D:7)
  11 plants (D:8)
  3 withered plants (D:11)
20 creatures vanquished.

Grand Total: 326 creatures vanquished

Notes
Turn   | Place    | Note
-------+----------+-------------------------------------------
     0 | D:1      | kae the Naga Transmuter began the quest for the Orb.
     0 | D:1      | Reached XP level 1. HP: 18/18 MP: 3/3
   989 | D:2      | Reached XP level 2. HP: 10/25 MP: 3/5
  1646 | D:1      | Reached XP level 3. HP: 17/31 MP: 6/6
  1823 | D:2      | Learned a level 3 spell: Spider Form
  2346 | D:3      | Noticed Jessica
  2353 | D:3      | Killed Jessica
  2354 | D:3      | Reached skill level 1 in Poison Magic
  2354 | D:3      | Reached XP level 4. HP: 14/38 MP: 3/7
  2661 | D:3      | Noticed Terence
  2670 | D:3      | Killed Terence
  2671 | D:3      | Reached XP level 5. HP: 44/44 MP: 1/8
  2910 | D:3      | Found a shadowy altar of Dithmenos.
  3259 | D:4      | Noticed an ogre
  3267 | D:4      | Killed an ogre
  3268 | D:4      | Reached XP level 6. HP: 39/52 MP: 5/10
  3386 | D:4      | Noticed a two-headed ogre
  3397 | D:4      | Learned a level 5 spell: Blade Hands
  3735 | D:4      | Reached XP level 7. HP: 55/61 MP: 5/11
  4060 | D:4      | Killed a two-headed ogre
  4061 | D:4      | Reached skill level 5 in Unarmed Combat
  4061 | D:4      | Reached skill level 5 in Transmutations
  4061 | D:4      | Reached XP level 8. HP: 63/69 MP: 10/13
  4261 | D:4      | Found Xeiveo Ypell's Magic Scroll Shop.
  4280 | D:4      | Bought a scroll of identify for 24 gold pieces
  4468 | D:5      | Entered Level 5 of the Dungeon
  4624 | D:5      | Found a blossoming altar of Fedhas.
  4693 | D:5      | Found a glowing golden altar of the Shining One.
  4746 | D:5      | Learned a level 4 spell: Ice Form
  5261 | D:5      | Found a runed translucent door.
  5262 | D:5      | Noticed Crazy Yiuf
  5469 | D:5      | Paralysed by Crazy Yiuf for 6 turns
  5478 | D:5      | Killed Crazy Yiuf
  5597 | D:5      | Reached skill level 1 in Ice Magic
  5677 | D:6      | Reached XP level 9. HP: 65/78 MP: 13/15
  5721 | D:6      | Noticed Duvessa
  5724 | D:6      | Noticed Dowan
  5731 | D:6      | Killed Duvessa
  5744 | D:5      | Killed Dowan
  5823 | D:6      | Found an iron altar of Okawaru.
  6030 | D:6      | Found a sacrificial altar of Ru.
  6177 | D:6      | Found an ornate altar of the Wu Jian Council.
  6310 | D:6      | Found a runed translucent door.
  6332 | D:6      | Found a staircase to the Ecumenical Temple.
  6468 | D:6      | Found an opulent altar of Gozag.
  6468 | D:6      | Found a glowing silver altar of Zin.
  6677 | D:6      | Noticed t4s4d4r's ghost (novice DgFi)
  6749 | Temple   | Entered the Ecumenical Temple
  6919 | D:7      | Found a shimmering altar of Xom.
  6964 | D:7      | Found Soogaom's Magic Scroll Shoppe.
  7000 | D:7      | Bought a scroll of magic mapping for 45 gold pieces
  7000 | D:7      | Bought a scroll of identify for 26 gold pieces
  7198 | D:7      | Noticed a two-headed ogre
  7217 | D:7      | Killed a two-headed ogre
  7218 | D:7      | Reached XP level 10. HP: 71/87 MP: 14/17
  7251 | D:7      | Found a bloodstained altar of Trog.
  7478 | D:7      | Reached skill level 5 in Spellcasting
  7969 | D:7      | Found a sparkling altar of Nemelex Xobeh.
  7973 | D:7      | Reached skill level 5 in Fighting
  7978 | D:7      | Found a stormy altar of Qazlal.
  8111 | D:8      | Found a staircase to the Lair.
  8339 | D:8      | Found a snail-covered altar of Cheibriados.
  8358 | D:8      | Became a worshipper of Cheibriados the Contemplative
  8471 | D:8      | Found a hazy altar of Hepliaklqana.
  8514 | D:8      | Reached skill level 1 in Invocations
  8846 | D:9      | Found a staircase to the Orcish Mines.
  9234 | D:9      | Reached * piety under Cheibriados
  9468 | D:9      | Noticed a two-headed ogre
  9475 | D:9      | Killed a two-headed ogre
  9476 | D:9      | Reached skill level 5 in Dodging
  9557 | D:9      | Noticed Maurice
  9568 | D:9      | Killed Maurice
  9569 | D:9      | Reached XP level 11. HP: 80/97 MP: 19/19
  9728 | D:9      | Noticed Erica
  9739 | D:9      | Killed Erica
  9739 | D:9      | Reached ** piety under Cheibriados
  9932 | D:10     | Entered Level 10 of the Dungeon
  9932 | D:10     | Found Ypsosch's Jewellery Shoppe.
 10413 | D:10     | Noticed Erolcha
 10686 | D:10     | Noticed Grum
 10695 | D:10     | Killed Grum
 10695 | D:10     | Reached *** piety under Cheibriados
 10898 | D:10     | Reached skill level 5 in Invocations
 11066 | D:10     | Killed Erolcha
 11357 | D:11     | Noticed a manticore
 11385 | D:11     | Killed a manticore
 11471 | D:11     | Reached **** piety under Cheibriados
 11669 | D:11     | Noticed a two-headed ogre
 11678 | D:11     | Killed a two-headed ogre
 11679 | D:11     | Reached XP level 12. HP: 51/106 MP: 15/21
 11818 | D:11     | Noticed Josephine
 11824 | D:11     | Killed Josephine
 11825 | D:11     | Reached skill level 10 in Unarmed Combat
 11969 | D:11     | Identified the +10 hunting sling of Impeachment {vorpal,
                  | Str+2}
 11971 | D:11     | Reached ***** piety under Cheibriados
 11972 | D:11     | Reached skill level 10 in Transmutations
 12087 | D:11     | Noticed a six-headed hydra
 12095 | D:11     | Slain by a six-headed hydra

Illustrated notes

Levels and vault maps discovered:
D:1:      matt_arrival_grand_opening, layout_basic
D:2:      layout_rooms, grunt_ministairs_3
D:3:      layout_loops_ring, general_overflow_altar, serial_aquarium,
          aquarium_bridge_square [aquarium_subvault_wall,
          aquarium_subvault_balcony, aquarium_subvault_bridge,
          aquarium_subvault_balcony], aquarium_window_1, aquarium_window_1,
          aquarium_window_fake, aquarium_view_2e, aquarium_pool_double,
          uniq_jessica, uniq_terence
D:4:      minmay_door_path, layout_loops_corners, serial_shops,
          kennysheep_little_box
D:5:      layout_loops_cross, kennysheep_mini_moat, tso_altar,
          lightli_corner_chamber, uniq_crazy_yiuf_cottage
D:6:      layout_basic, grunt_temple_overflow_gold_and_silver,
          nicolae_wu_jian_wuxing_cycle, okawaru_gym_becter,
          minmay_temple_entry_sparse_star, basic_altar,
          ebering_ghost_reflecting_pool, uniq_duvessa
D:7:      layout_loops_ring, nicolae_overflow_hidden_temple, serial_shops,
          nicolae_shop_competitors_out_of_business, xom_confusion_cloud
D:8:      layout_loops_ring, lemuel_doored_altar,
          nicolae_hepliaklqana_hazy_memory, erik_lair_island
D:9:      minmay_spotlight, layout_irregular_city, orc_0_dummy,
          nicolae_lava_and_water, uniq_maurice, uniq_erica
D:10:     layout_cave_pools, serial_shops, shop_statue, uniq_erolcha, uniq_grum
D:11:     layout_gridville, serial_undead, serial_undead_a, serial_undead_f,
          serial_undead_a, serial_undead_b, serial_undead_b, serial_undead_a,
          serial_undead_e, serial_undead_a, uniq_josephine
Temple:   compressed_dpeg_circular_temple

Skill      XL: |  1  2  3  4  5  6  7  8  9 10 11 12 |
---------------+-------------------------------------+-----
Dodging        | 2 3 4 5 6 |  6.0
Poison Magic   | 1 2 3 |  3.0
Transmutations | 3 5 6 7 8 9 10 | 10.0
Unarmed Combat | 4 5 6 7 8 9 10 | 10.2
Fighting       | 2 3 4 5 6 |  6.9
Spellcasting   | 3 4 5 6 |  6.6
Ice Magic      | 1 3 4 |  4.0
Invocations    | 3 6 |  6.7

Action                   |  1- 3 |  4- 6 |  7- 9 | 10-12 || total
-------------------------+-------+-------+-------+-------++-------
Melee: Unarmed           |    68 |    85 |   184 |   444 ||   781
       Headbutt          |     5 |     3 |       |       ||     8
       Punch             |     1 |       |     2 |    12 ||    15
 Cast: Beastly Appendage |    11 |    10 |       |       ||    21
       Spider Form       |     1 |    11 |    35 |    23 ||    70
       Ice Form          |       |       |       |    22 ||    22
       Blade Hands       |       |       |       |    20 ||    20
Invok: Bend Time         |       |       |       |     1 ||     1
 Abil: Spit Poison       |    31 |    17 |    23 |    14 ||    85
Evoke: Wand              |       |       |       |     2 ||     2
  Use: Scroll            |       |     8 |     8 |     6 ||    22
       Potion            |       |       |     1 |     3 ||     4
 Stab: Confused          |       |       |     1 |       ||     1
       Sleeping          |       |       |     1 |       ||     1
Armor: Robe              |    33 |     8 |     3 |    61 ||   105
       Skin              |       |     1 |     8 |    59 ||    68
Dodge: Dodged            |    55 |    47 |   191 |   444 ||   737

Table legend: (Time is in decaauts)
 A = Elapsed time spent in this place.
 B = Non-inter-level travel time spent in this place.
 C = Inter-level travel time spent in this place.
 D = Time resting spent in this place.
 E = Time spent auto-exploring this place.
 F = Levels seen in this place.
 G = Mean time per level.
                   A        B        C        D        E       F      G
               +--------+--------+--------+--------+--------+-----+--------+
         Total |  15640 |  15078 |    562 |    971 |  11656 |  12 | 1303.3 |
       Dungeon |  15516 |  14975 |    541 |    971 |  11553 |  11 | 1410.5 |
        Temple |    124 |    103 |     21 |      0 |    103 |   1 |  124.0 |
               +--------+--------+--------+--------+--------+-----+--------+

Top non-repeatable levels by time:
     D:9: 1891 daAuts
    D:10: 1725 daAuts
     D:4: 1676 daAuts
     D:1: 1645 daAuts
     D:5: 1511 daAuts
     D:3: 1386 daAuts
     D:6: 1368 daAuts
     D:7: 1334 daAuts
    D:11: 1110 daAuts
     D:8: 1084 daAuts
     D:2: 779 daAuts
  Temple: 124 daAuts
